 Dungeon Crawl Stone Soup version 0.22.1-2-g9c5b331 (webtiles) character file.

68 errolflynn the Chopper (level 4, -4/37 HPs)
             Began as a Minotaur Gladiator on Jan 4, 2019.
             Slain by a bullfrog (6 damage)
             ... on level 2 of the Dungeon.
             The game lasted 00:21:28 (1566 turns).

errolflynn the Chopper (Minotaur Gladiator)         Turns: 1566, Time: 00:21:29

Health: -4/37      AC:  6    Str: 20    XL:     4   Next: 1%
Magic:  3/3        EV: 11    Int:  5    God:
Gold:   74         SH:  0    Dex: 11    Spells: 3/3 levels left

rFire    . . .     SeeInvis .   a - +0 war axe
rCold    . . .     Gourm    .   (no shield)
rNeg     . . .     Faith    .   q - +0 scale mail
rPois    .         Spirit   .   c - +0 hat
rElec    .         Reflect  .   (no cloak)
rCorr    .         Harm     .   (no gloves)
MR       .....                  (no boots)
Stlth    ..........             (no amulet)
HPRegen  0.12/turn              (no ring)
MPRegen  0.08/turn              (no ring)

@: no status effects
A: retaliatory headbutt, horns 2
a: no special abilities


You were on level 2 of the Dungeon.
You were not hungry.

You visited 1 branch of the dungeon, and saw 2 of its levels.

You collected 74 gold pieces.

Inventory:

Hand Weapons
 a - a +0 war axe (weapon)
 g - a cursed -2 whip
 i - a +0 hunting sling
 k - a +0 club
 r - a cursed -2 short sword
 s - a +0 short sword
 w - a +0 short sword
 y - a +0 club
 A - a cursed -2 whip
 B - a +0 dagger
Missiles
 d - 3 throwing nets (quivered)
 e - 19 sling bullets
 l - 36 stones
 p - 11 arrows
Armour
 b - a +0 leather armour
 c - a +0 hat (worn)
 h - a +2 centaur barding
 n - a +0 leather armour
 q - a +0 scale mail (worn)
 x - a +0 plate armour
 C - a +0 pair of boots
Jewellery
 t - an uncursed ring of magical power {unknown}
 v - an uncursed ring of protection from fire {unknown}
Scrolls
 m - 3 scrolls of teleportation {unknown}
 o - a scroll of amnesia {unknown}
 u - 2 scrolls of identify {unknown}
 D - a scroll of remove curse {unknown}
Potions
 j - a potion of ambrosia {unknown}
 z - a potion of heal wounds {unknown}
Comestibles
 f - a ration


   Skills:
 + Level 2.6 Fighting
 + Level 4.9 Axes
 + Level 2.2 Throwing
 + Level 1.3 Armour
 + Level 3.8 Dodging


You had 3 spell levels left.
You didn't know any spells.
Your spell library was empty.

Dungeon Overview and Level Annotations

Branches:
Dungeon (2/15)

Altars:
Ru
Sif Muna
Uskayaw


Innate Abilities, Weirdness & Mutations

You reflexively headbutt those who attack you in melee.
You have a pair of horns on your head.


Message History

You hit the gnoll.
The gnoll is moderately wounded.
Your scale mail prevents you from hitting the bullfrog.
The bullfrog hits you but does no damage.
The bullfrog misses you. You furiously retaliate!
You headbutt the bullfrog. The gnoll barely misses you.
You furiously retaliate!
You headbutt the gnoll. You completely miss the gnoll.
The gnoll is severely wounded.
You hit the gnoll. You barely miss the bullfrog.
The bullfrog hits you but does no damage.
The gnoll hits you with a flail. The bullfrog barely misses you.
The bullfrog hits you. The gnoll hits you with a flail!
* * * LOW HITPOINT WARNING * * *
The gnoll barely misses you. The gnoll closely misses you.
You furiously retaliate!
You headbutt the gnoll.
You kill the gnoll!
You have reached level 4!
You feel stronger. The bullfrog hits you.
You die...

##..# .# ...# .#
#..# .###.# #..#
...... #..######
......# #.......#
.......###.####.#
._....gF.#.# #.#
.......@...# #.#
...⌠.._g#### #.#
........# #.#
.......## #.#
..._... #.#
#....## #.# #....
#.# #.### #.#
#####.### #.#


You could see a bullfrog and 2 gnolls.

Vanquished Creatures
  A gnoll (D:2)
  2 adders (D:2)
  2 leopard geckos
  5 giant cockroaches (D:1)
  3 goblins
  3 hobgoblins (D:1)
  A quokka (D:2)
  A ball python (D:1)
  3 bats (D:1)
  14 frilled lizards
  4 kobolds
  4 rats (D:1)
  5 plants (D:1)
48 creatures vanquished.

Notes
Turn   | Place    | Note
-------+----------+-------------------------------------------
     0 | D:1      | errolflynn the Minotaur Gladiator began the quest for the
                  | Orb.
     0 | D:1      | Reached XP level 1. HP: 18/18 MP: 0/0
   247 | D:1      | Reached XP level 2. HP: 25/25 MP: 1/1
   254 | D:1      | Reached skill level 4 in Axes
   986 | D:1      | Reached XP level 3. HP: 30/30 MP: 2/2
  1446 | D:2      | Reached skill level 1 in Armour
  1457 | D:2      | Found a hide-covered altar of Uskayaw.
  1558 | D:2      | Found a sacrificial altar of Ru.
  1560 | D:2      | Noticed a bullfrog
  1561 | D:2      | Found a deep blue altar of Sif Muna.
  1566 | D:2      | Reached XP level 4. HP: 2/37 MP: 3/3
  1566 | D:2      | Slain by a bullfrog

Skill      XL: |  1  2  3 |
---------------+----------+-----
Axes           | 4 |  4.9
Armour         | 1 |  1.3
Fighting       | |  2.6
Throwing       | |  2.2
Dodging        | |  3.8

Action                   |  1- 3 |  4- 6 || total
-------------------------+-------+-------++-------
Melee: War axe           |   124 |       ||   124
       Headbutt          |    27 |       ||    27
  Eat: Ration            |     1 |       ||     1
Armor: Leather armour    |    15 |       ||    15
       Scale mail        |     9 |       ||     9
Dodge: Dodged            |    55 |       ||    55
